[Event "ICC tourney 2056 (3 2)"]
[Site "Internet Chess Club"]
[Date "2020.10.12"]
[Round "3"]
[White "Atomic-Player"]
[Black "KingPidgenYT"]
[Result "1/2-1/2"]
[ICCResult "Game drawn by repetition"]
[WhiteElo "1472"]
[BlackElo "1402"]
[Opening "Giuoco Piano"]
[ECO "C54"]
[NIC "IG.02"]
[Time "19:31:07"]
[TimeControl "180+2"]

1. e4 e5 2. Nf3 Nc6 3. Bc4 Bc5 4. c3 Nf6 5. O-O d6 6. d4 Bb6 7. Bg5 O-O 8.
Nbd2 h6 9. Bxf6 Qxf6 10. dxe5 dxe5 11. Nb3 Bg4 12. h3 Bxf3 13. Qxf3 Qxf3 14.
gxf3 Rfe8 15. Rad1 Rad8 16. Rd5 a6 17. Rfd1 Rc8 18. Rd7 Rf8 19. a4 Rcd8 20.
Bxf7+ Kh8 21. Rxd8 Nxd8 22. Bc4 Nc6 23. Kg2 Rf6 24. Rd2 Rg6+ 25. Kh2 Rf6 26.
Kg3 Rg6+ 27. Kh2 Rf6 28. Kg3 Rg6+ 29. Kh2 Rf6 30. Kg3 Rg6+
{Game drawn by repetition}
1/2-1/2

[Event "ICC tourney 2056 (3 2)"]
[Site "Internet Chess Club"]
[Date "2020.10.12"]
[Round "3"]
[White "yogokings12"]
[Black "chessrex"]
[Result "1-0"]
[ICCResult "Black checkmated"]
[WhiteElo "1577"]
[BlackElo "1885"]
[Opening "King's gambit"]
[ECO "C30"]
[NIC "KG.05"]
[Time "19:31:42"]
[TimeControl "180+2"]

1. e4 e5 2. f4 Nc6 3. Nf3 f5 4. Nc3 fxe4 5. Nxe4 d5 6. Nc3 e4 7. Ng1 Nf6 8.
d3 Bg4 9. Be2 Bxe2 10. Ngxe2 exd3 11. Qxd3 Bd6 12. O-O Bc5+ 13. Kh1 O-O 14.
Na4 Bb6 15. Nxb6 axb6 16. c3 Ne4 17. Be3 Qd6 18. Nd4 Nxd4 19. cxd4 Rae8 20.
a3 Re7 21. Rae1 Rfe8 22. Bg1 Ng3+ 23. Qxg3 Qf6 24. Rxe7 Rxe7 25. Qf3 c6 26.
Bf2 Re4 27. g3 Qe7 28. Qd1 Qf6 29. Re1 Rxe1+ 30. Qxe1 h6 31. Qe5 Qg6 32. f5
Qg4 33. Qe6+ Kh8 34. Qe8+ Kh7 35. Qg6+ Qxg6 36. fxg6+ Kxg6 37. Kg2 Kf5 38.
Kf3 h5 39. h4 g5 40. hxg5 Kxg5 41. Be3+ Kf5 42. Bf4 b5 43. Be5 c5 44. Bh8 c4
45. Be5 Kg5 46. Ke3 Kf5 47. Kd2 Ke4 48. Kc3 Ke3 49. Kb4 Kd3 50. Bf6 Kc2 51.
Kxb5 Kxb2 52. Bg5 Kxa3 53. Kb6 c3 54. Kxb7 Kb2 55. Kc6 c2 56. Kxd5 c1=Q 57.
Bxc1+ Kxc1 58. Ke5 Kd2 59. d5 Ke3 60. d6 Kf3 61. d7 Kxg3 62. d8=Q h4 63.
Qg5+ Kh3 64. Kf4 Kh2 65. Qxh4+ Kg2 66. Qg3+ Kh1 67. Qa3 Kg2 68. Kg4 Kf2 69.
Kf4 Ke2 70. Qe3+ Kf1 71. Qd2 Kg1 72. Kg3 Kf1 73. Qd1# {Black checkmated} 1-0

[Event "ICC tourney 2056 (3 2)"]
[Site "Internet Chess Club"]
[Date "2020.10.12"]
[Round "3"]
[White "drabmolc"]
[Black "pawnsacrifice5"]
[Result "0-1"]
[ICCResult "White resigns"]
[WhiteElo "1470"]
[BlackElo "1988"]
[Opening "Queen's pawn game"]
[ECO "D00"]
[NIC "QP.08"]
[Time "19:31:21"]
[TimeControl "180+2"]

1. d4 d5 2. e3 Nf6 3. f4 c5 4. Nf3 Nc6 5. c3 g6 6. Bd3 Bg7 7. Nbd2 O-O 8.
O-O b6 9. Qe2 Bf5 10. Ne5 Qc7 11. Bxf5 gxf5 12. h3 e6 13. Ndf3 Ne4 14. Qe1
f6 15. Nxc6 Qxc6 16. Nd2 Kh8 17. Nxe4 dxe4 18. Bd2 Rg8 19. Qe2 cxd4 20. cxd4
Qa4 21. b3 Qd7 22. Rac1 Rgc8 23. Rxc8+ Rxc8 24. Rc1 Bf8 25. Rxc8 Qxc8 26.
Qc4 Qxc4 27. bxc4 Kg7 28. Kf2 Kf7 29. Ke2 Ke8 30. Bc3 Kd7 31. a4 Be7 32. Kd2
Kc6 33. Kc2 Bd6 34. Kb3 a6 35. Bb4 Bxb4 36. Kxb4 a5+ 37. Kb3 h5 38. g3 Kd6
39. Kc3 Kc6 40. Kb3 Kc7 41. c5 bxc5 42. dxc5 Kd7 43. Kc4 Kc6 44. h4 e5 45.
fxe5 fxe5 46. Kc3 Kxc5 47. Kb3 Kd5 48. Kc3 Kd6 49. Kc4 Kc6 50. Kc3 Kd5 51.
Kb3 f4 52. exf4 exf4 53. gxf4 Ke6 54. Kc4 Kf5 55. Kd4 Kxf4 {White resigns}
0-1

[Event "ICC tourney 2056 (3 2)"]
[Site "Internet Chess Club"]
[Date "2020.10.12"]
[Round "3"]
[White "saisiva765"]
[Black "StevChess01"]
[Result "1-0"]
[ICCResult "Black checkmated"]
[WhiteElo "1688"]
[BlackElo "1344"]
[Opening "Queen's pawn: London system"]
[ECO "A45"]
[NIC "QP.07"]
[Time "19:31:08"]
[TimeControl "180+2"]

1. d4 Nf6 2. Bf4 d6 3. e3 g6 4. Be2 Bg7 5. h4 c5 6. c3 Nc6 7. Nd2 b6 8. h5
Nxh5 9. Rxh5 gxh5 10. Bb5 Bd7 11. Qxh5 a6 12. Bc4 e6 13. Bxd6 Bf8 14. Bf4
Qf6 15. Ngf3 Qg6 16. Qh2 Na5 17. Be2 Bc6 18. Ne5 Qf6 19. b4 cxb4 20. cxb4
Bxb4 21. Nxc6 Nxc6 22. Bf3 Rc8 23. Rc1 Kd7 24. Bxc6+ Rxc6 25. Rxc6 Kxc6 26.
Be5 Qd8 27. Bxh8 Qxh8 28. Qf4 Qg7 29. Qe4+ Kd6 30. Ke2 Qf6 31. Nc4+ Kc7 32.
Ne5 Qf5 33. Qc6+ Kd8 34. Qd7# {Black checkmated} 1-0

[Event "ICC tourney 2056 (3 2)"]
[Site "Internet Chess Club"]
[Date "2020.10.12"]
[Round "3"]
[White "PearsonH"]
[Black "pmchess98"]
[Result "1-0"]
[ICCResult "Black resigns"]
[WhiteElo "1451"]
[BlackElo "1376"]
[Opening "Queen's pawn: London system"]
[ECO "A45"]
[NIC "QP.07"]
[Time "19:31:10"]
[TimeControl "180+2"]

1. d4 Nf6 2. Bf4 d5 3. e3 Bf5 4. Bd3 Bxd3 5. Qxd3 e6 6. c3 c6 7. Nd2 Bd6 8.
Bg3 Qc7 9. Ngf3 Nbd7 10. e4 dxe4 11. Nxe4 Nxe4 12. Qxe4 Nf6 13. Qe2 O-O 14.
Bxd6 Qxd6 15. Ne5 Nd5 16. O-O f6 17. Nf3 Rae8 18. Rfe1 Qf4 19. Qd2 Qg4 20.
h3 Qg6 21. Re2 f5 22. Ne5 Qh5 23. Rae1 f4 24. Nf3 Rf6 25. Re5 Qh6 26. Kh1
Rg6 27. c4 Ne7 28. Qe2 Nf5 29. Rxf5 Rxg2 30. Kxg2 Qg6+ 31. Rg5 Qf6 32. Qe5
h6 33. Qxf6 {Black resigns} 1-0

[Event "ICC tourney 2056 (3 2)"]
[Site "Internet Chess Club"]
[Date "2020.10.12"]
[Round "3"]
[White "stephenwilly"]
[Black "ekanshmehrotra"]
[Result "0-1"]
[ICCResult "White checkmated"]
[WhiteElo "1488"]
[BlackElo "1497"]
[Opening "Giuoco Pianissimo: Italian four knights variation"]
[ECO "C55"]
[NIC "IG.01"]
[Time "19:31:27"]
[TimeControl "180+2"]

1. e4 e5 2. Nf3 Nc6 3. Bc4 Nf6 4. d3 Bc5 5. Nc3 O-O 6. Bg5 Be7 7. Qd2 d6 8.
h3 Be6 9. Bb3 h6 10. Bh4 Nxe4 11. dxe4 Bxh4 12. Bxe6 fxe6 13. O-O-O Rxf3 14.
Kb1 Rxf2 15. Qe3 Qg5 16. Qd3 Nd4 17. Rdg1 Qd2 18. g3 Qxd3 19. cxd3 Be7 20.
h4 Raf8 21. g4 Rd2 22. g5 h5 23. Rg3 Rff2 24. Nd1 Rg2 25. Rgh3 g6 26. Kc1
Rc2+ 27. Kb1 d5 28. Ka1 a5 29. Ne3 Rxb2 30. Nxg2 Rxg2 31. exd5 exd5 32. Rc1
Bd6 33. Rhh1 Nc2+ 34. Kb1 Na3+ 35. Ka1 e4 36. dxe4 Be5+ 37. Rc3 Bxc3#
{White checkmated}
0-1

[Event "ICC tourney 2056 (3 2)"]
[Site "Internet Chess Club"]
[Date "2020.10.12"]
[Round "3"]
[White "ChessMonkey123"]
[Black "Kinawa"]
[Result "1-0"]
[ICCResult "Black forfeits on time"]
[WhiteElo "1354"]
[BlackElo "1481"]
[Opening "Caro-Kann: Steinitz variation"]
[ECO "B17"]
[NIC "CK.05"]
[Time "19:31:14"]
[TimeControl "180+2"]

1. e4 c6 2. d4 d5 3. Nc3 dxe4 4. Nxe4 Nd7 5. Qe2 Qc7 6. g3 e6 7. Bf4 Qd8 8.
Bg2 Ngf6 9. Nxf6+ Nxf6 10. Nf3 Be7 11. O-O O-O 12. c3 Nd5 13. Bd2 Bd6 14.
Ne5 Nf6 15. Bf4 Nd5 16. Bd2 f6 17. Nc4 Bc7 18. Rfe1 Re8 19. Bh3 e5 20. Bxc8
Rxc8 21. Qd3 exd4 22. Qxd4 Qd7 23. Qxa7 Rxe1+ 24. Rxe1 b5 25. Ne3 Nxe3 26.
Bxe3 Qf5 27. Qb7 Be5 28. Bd4 Bxd4 29. cxd4 Rf8 30. Qxc6 Qd3 31. Qd5+ Kh8 32.
Qc5 Rg8 33. Qc3 Qf5 34. Qb3 Qg4 35. Qxb5 Qxd4 36. Re8 {Black forfeits on
time} 1-0

[Event "ICC tourney 2056 (3 2)"]
[Site "Internet Chess Club"]
[Date "2020.10.12"]
[Round "3"]
[White "pescadilla"]
[Black "Knightboy123"]
[Result "0-1"]
[ICCResult "White resigns"]
[WhiteElo "1708"]
[BlackElo "1343"]
[Opening "QGD: exchange variation"]
[ECO "D35"]
[NIC "QO.16"]
[Time "19:32:00"]
[TimeControl "180+2"]

1. d4 d5 2. c4 e6 3. Nc3 Nf6 4. cxd5 exd5 5. Bf4 c6 6. e3 Bd6 7. Bg3 Bf5 8.
Nf3 Bxg3 9. hxg3 O-O 10. Be2 Nbd7 11. Nh4 Bg6 12. Nxg6 fxg6 13. Bf3 Re8 14.
Qc2 Re7 15. O-O-O Qb6 16. Kb1 Rae8 17. g4 Ne4 18. Bxe4 dxe4 19. Qa4 Qa6 20.
Qxa6 bxa6 21. Na4 Rd8 22. Rc1 Rc8 23. Rc4 Nb6 24. Nxb6 axb6 25. Rhc1 Rec7
26. d5 c5 27. Rxe4 Kf7 28. Rf4+ Ke7 29. e4 Kd6 30. Rd1 Rd8 31. Kc2 Ke5 32.
g3 b5 33. f3 c4 34. g5 b4 35. Rh4 Rh8 36. Rdh1 b3+ 37. axb3 cxb3+ 38. Kxb3
Rb8+ 39. Ka2 Rc2 40. R1h2 Rbxb2+ 41. Ka3 Rxh2 42. Rg4 Ra2+ 43. Kb3 Rhb2+ 44.
Kc3 Rc2+ 45. Kb4 a5+ 46. Kb5 a4 47. Rf4 a3 48. Rf7 Rab2+ 49. Ka4 a2 50. Re7+
Kd6 51. Re6+ Kd7 {White resigns} 0-1

[Event "ICC tourney 2056 (3 2)"]
[Site "Internet Chess Club"]
[Date "2020.10.12"]
[Round "3"]
[White "Jett503"]
[Black "gbassman77"]
[Result "0-1"]
[ICCResult "White resigns"]
[WhiteElo "1168"]
[BlackElo "1333"]
[Opening "Three knights game"]
[ECO "C46"]
[NIC "KP.06"]
[Time "19:31:22"]
[TimeControl "180+2"]

1. e4 e5 2. Nf3 Nc6 3. Nc3 Bc5 4. Be2 d6 5. h3 Be6 6. O-O Nge7 7. a3 O-O 8.
b4 Bb6 9. Bb2 f5 10. exf5 Nxf5 11. Ne4 h6 12. c4 Ncd4 13. Nxd4 Bxd4 14. Qc2
Qh4 15. Bxd4 Nxd4 16. Qd3 Bf5 17. f3 Rf7 18. Rac1 Raf8 19. Qe3 Bxe4 20. fxe4
Rf4 21. Qd3 Rxe4 22. Bf3 Nxf3+ 23. Rxf3 Rxf3 24. Qxf3 Qf4 25. Qh5 Qxd2 26.
Rf1 Qe3+ 27. Kh1 Rf4 28. Qe8+ Kh7 29. Rg1 Qe4 30. Qh5 Rh4 31. Qf3 Qxf3 32.
gxf3 Rxh3+ 33. Kg2 Rh5 34. Kg3 Rg5+ 35. Kh4 Rxg1 {White resigns} 0-1

[Event "ICC tourney 2056 (3 2)"]
[Site "Internet Chess Club"]
[Date "2020.10.12"]
[Round "3"]
[White "elevinchess"]
[Black "Alec-hine"]
[Result "1-0"]
[ICCResult "Black forfeits on time"]
[WhiteElo "1725"]
[BlackElo "1691"]
[Opening "French: Winawer, advance, positional main line"]
[ECO "C19"]
[NIC "FR.12"]
[Time "19:31:23"]
[TimeControl "180+2"]

1. e4 e6 2. d4 d5 3. Nc3 Bb4 4. e5 c5 5. a3 Bxc3+ 6. bxc3 Ne7 7. Nf3 Qa5 8.
Qd2 cxd4 9. cxd4 Qxd2+ 10. Bxd2 Nbc6 11. Bd3 Bd7 12. Rb1 b6 13. Ke2 O-O 14.
g4 Rfc8 15. h4 Rc7 16. Rhc1 Bc8 17. h5 h6 18. Rg1 Bb7 19. g5 hxg5 20. Bxg5
Kf8 21. h6 gxh6 22. Bxh6+ Ke8 23. Bb5 Kd7 24. Bg7 a6 25. Bd3 Na5 26. Rxb6
Bc6 27. Bf6 Bb5 28. Rd6+ Kc8 29. Bxe7 Rxe7 30. Bxb5 axb5 31. Rb6
{Black forfeits on time}
1-0

[Event "ICC tourney 2056 (3 2)"]
[Site "Internet Chess Club"]
[Date "2020.10.12"]
[Round "3"]
[White "oxdidi"]
[Black "blackjack721"]
[Result "1-0"]
[ICCResult "Black checkmated"]
[WhiteElo "1152"]
[BlackElo "1284"]
[Opening "Petrov: classical attack"]
[ECO "C42"]
[NIC "RG.04"]
[Time "19:31:44"]
[TimeControl "180+2"]

1. e4 e5 2. Nf3 Nf6 3. Nxe5 d6 4. Nf3 Nxe4 5. d4 Bg4 6. Qe2 d5 7. h3 Bh5 8.
g4 Bg6 9. Nfd2 Bd6 10. Nc3 O-O 11. Ndxe4 dxe4 12. Bg2 Re8 13. Be3 Nc6 14. h4
f5 15. h5 f4 16. hxg6 hxg6 17. Bd2 f3 18. Qf1 Nxd4 19. Qc4+ Ne6 20. Bh3 g5
21. O-O-O Qf6 22. Nxe4 Qf7 23. Nxd6 cxd6 24. Bf1 Rac8 25. Qd3 g6 26. Qxd6
Rc6 27. Qa3 Nd4 28. Bc3 Qf4+ 29. Kb1 Rd8 30. Bb5 Rxc3 31. Qxc3 Qf6 32. Qb4
Nxb5 33. Rxd8+ Qxd8 34. Qxb5 a6 35. Qe5 Kf7 36. Rh7+ Kf8 37. Qg7+ Ke8 38.
Qf7# {Black checkmated} 1-0

[Event "ICC tourney 2056 (3 2)"]
[Site "Internet Chess Club"]
[Date "2020.10.12"]
[Round "3"]
[White "Tombstone"]
[Black "hackerguru"]
[Result "0-1"]
[ICCResult "White forfeits on time"]
[WhiteElo "1645"]
[BlackElo "1488"]
[Opening "Catalan opening"]
[ECO "E00"]
[NIC "CA.01"]
[Time "19:31:14"]
[TimeControl "180+2"]

1. d4 Nf6 2. c4 e6 3. g3 Bb4+ 4. Nd2 c5 5. Nf3 Nc6 6. a3 Bxd2+ 7. Qxd2 cxd4
8. Nxd4 Ne5 9. b3 Ne4 10. Qf4 d5 11. Qxe5 f6 12. Qh5+ g6 13. Qf3 e5 14. Nc2
Qa5+ 15. b4 Qa4 16. Ra2 Bg4 17. Qd3 Bf5 18. Qe3 d4 19. Qf3 Nc3 20. Rb2 Be4
21. Qg4 Ke7 22. Bh3 f5 23. Qh4+ Kf7 24. f3 Bxc2 25. Kf2 h6 26. Bxh6 Nd1+ 27.
Rxd1 Bxd1 {White forfeits on time} 0-1

[Event "ICC tourney 2056 (3 2)"]
[Site "Internet Chess Club"]
[Date "2020.10.12"]
[Round "3"]
[White "BillietheKid"]
[Black "Rook99"]
[Result "0-1"]
[ICCResult "White forfeits on time"]
[WhiteElo "1388"]
[BlackElo "1319"]
[Opening "Sicilian: Hungarian variation"]
[ECO "B76"]
[NIC "SI.43"]
[Time "19:31:18"]
[TimeControl "180+2"]

1. e4 c5 2. Nf3 g6 3. d4 cxd4 4. Nxd4 Bg7 5. Be3 Nc6 6. Nc3 d6 7. Qd2 Nf6 8.
f3 O-O 9. Nb3 Bd7 10. Bh6 Rc8 11. Bxg7 Kxg7 12. Bd3 Ne5 13. Be2 Nc4 14. Bxc4
Rxc4 15. O-O b5 16. h4 Nh5 17. Kh2 Qc7 18. Nd5 Qd8 19. Nf4 Nxf4 20. Qxf4 e5
21. Qd2 Qxh4+ 22. Kg1 Qe7 23. c3 a6 24. Rad1 Rc6 25. Nc1 Be6 26. b3 Rd8 27.
Ne2 Qd7 28. Kf2 d5 29. Rh1 h5 30. Qg5 f6 31. Qg3 Qe7 32. Rxh5 dxe4 33. Rdh1
Qc5+ 34. Ke1 Bg8 35. Rh8 Rcd6 {White forfeits on time} 0-1

[Event "ICC tourney 2056 (3 2)"]
[Site "Internet Chess Club"]
[Date "2020.10.12"]
[Round "3"]
[White "shanmukha123"]
[Black "pika0008"]
[Result "1-0"]
[ICCResult "Black checkmated"]
[WhiteElo "1487"]
[BlackElo "1323"]
[Opening "Queen's pawn game"]
[ECO "D02"]
[NIC "QP.08"]
[Time "19:31:05"]
[TimeControl "180+2"]

1. d4 d5 2. Nf3 c6 3. Bf4 Qb6 4. Qc1 Bf5 5. e3 Nf6 6. Nbd2 e6 7. Bd3 Bg6 8.
O-O c5 9. Re1 Be7 10. Rb1 Nc6 11. Bxg6 hxg6 12. c3 Nh5 13. Bg3 Nxg3 14. hxg3
Qd8 15. Qc2 Bd6 16. e4 O-O 17. Qd3 c4 18. Qe2 b5 19. a3 a5 20. exd5 exd5 21.
Nf1 b4 22. axb4 axb4 23. Ne3 Bc7 24. Ng4 Ra2 25. Qe3 Qa8 26. Qg5 Na5 27. Qh4
Bd8 28. Ng5 Bxg5 29. Qxg5 Nb3 30. cxb4 Rb8 31. Ne3 Rd8 32. Red1 Qb7 33.
Qxd8+ Kh7 34. Qh4+ Kg8 35. Re1 Qxb4 36. Nxd5 Qb8 37. Ne7+ Kf8 38. Qh8#
{Black checkmated}
1-0

[Event "ICC tourney 2056 (3 2)"]
[Site "Internet Chess Club"]
[Date "2020.10.12"]
[Round "3"]
[White "kushagra12"]
[Black "chief2006"]
[Result "1/2-1/2"]
[ICCResult "Game drawn because neither player has mating material"]
[WhiteElo "1355"]
[BlackElo "1298"]
[Opening "Two knights defense, Perreux variation"]
[ECO "C55"]
[NIC "KP.02"]
[Time "19:31:11"]
[TimeControl "180+2"]

1. e4 e5 2. Nf3 Nc6 3. d4 exd4 4. Bc4 Nf6 5. Ng5 d5 6. exd5 Na5 7. Qxd4 Nxc4
8. Qxc4 Qxd5 9. Qxd5 Nxd5 10. O-O Be7 11. c4 Nf6 12. Re1 h6 13. Nf3 Be6 14.
Nbd2 O-O-O 15. b3 Bb4 16. Re2 Bc3 17. Rb1 Bf5 18. h3 Bxb1 19. Nxb1 Rd1+ 20.
Kh2 Rxc1 21. Nxc3 Rxc3 22. Ne5 Re8 23. f4 Nd7 24. Re4 Nxe5 25. fxe5 Rc2 26.
Rf4 Rxe5 27. Rxf7 g5 28. Rf8+ Kd7 29. Rh8 Re6 30. Rh7+ Kd6 31. Rh8 Rxa2 32.
Rd8+ Ke7 33. Rc8 c6 34. Rc7+ Kd6 35. Rxb7 Re3 36. b4 Rb3 37. c5+ Kd5 38.
Rd7+ Kc4 39. Rd6 Rxb4 40. Rxc6 Kb5 41. Rxh6 Kxc5 42. Rg6 Rbb2 43. Rxg5+ Kd6
44. h4 Ra4 45. h5 Rb7 46. Kh3 Rh7 47. g4 Ke6 48. Rg6+ Ke5 49. Kh4 Kf4 50.
Rf6+ Ke3 51. Kg5 Ra5+ 52. Kg6 Rh8 53. h6 Rb5 54. Kg7 Rbb8 55. h7 a5 56. Ra6
Rhe8 57. Rxa5 Rb7+ 58. Kh6 Rh8 59. Rh5 Rbxh7+ 60. Kg6 Rxh5 61. gxh5 Kf4 62.
h6 Rg8+ 63. Kf7 Rh8 64. Kg7 Rxh6 65. Kxh6
{Game drawn because neither player has mating material}
1/2-1/2

[Event "ICC tourney 2056 (3 2)"]
[Site "Internet Chess Club"]
[Date "2020.10.12"]
[Round "3"]
[White "clydedrexler22"]
[Black "javasri"]
[Result "1/2-1/2"]
[ICCResult "Game drawn by repetition"]
[WhiteElo "1544"]
[BlackElo "1645"]
[Opening "Queen's pawn: London system"]
[ECO "A45"]
[NIC "QP.07"]
[Time "19:31:06"]
[TimeControl "180+2"]

1. d4 Nf6 2. Bf4 g6 3. e3 Nh5 4. Bg5 h6 5. Bh4 Bg7 6. Nd2 d6 7. Be2 Nf6 8.
Ngf3 g5 9. Bg3 Nh5 10. c4 Nxg3 11. hxg3 Nd7 12. Qc2 Nf6 13. e4 c5 14. e5 Ng4
15. exd6 exd6 16. d5 O-O 17. O-O Qf6 18. b3 Bf5 19. Bd3 Bxd3 20. Qxd3 Qxa1
21. Rxa1 Bxa1 22. Qf5 Nf6 23. Ne4 Nxe4 24. Qxe4 Rae8 25. Qb1 Bc3 26. g4 Re7
27. Qd3 Bg7 28. a3 Rfe8 29. b4 b6 30. a4 cxb4 31. Nd4 Re1+ 32. Kh2 R8e4 33.
Nf5 Be5+ 34. g3 R4e2 35. Nxh6+ Kg7 36. Nf5+ Kf6 37. Qf3 Kg6 38. Ne3 f6 39.
Qf5+ Kf7 40. Qh7+ Ke8 41. Qg8+ Kd7 42. Qe6+ Kc7 43. Qe7+ Kb8 44. Qd8+ Kb7
45. Qd7+ Ka6 46. Kg2 Bd4 47. Qb5+ Kb7 48. Qd7+ Kb8 49. Qxd6+ Kb7 50. Qc6+
Kb8 51. Qd6+ Kb7 52. Qe7+ Kb8 53. Qd8+ Kb7 54. Qd7+ Kb8 55. Qd8+ Kb7 56.
Qd7+ Kb8 57. Qd8+ Kb7 58. Qd7+ Ka6 59. Qb5+ Kb7 60. Qc6+ Kb8 61. Qd7 Bxe3
62. Qd6+ Kc8 63. Qe6+ Kc7 64. d6+ Kb7 65. Qd7+ Ka6 66. Qb5+ Kb7 67. Qd7+ Ka6
68. Qb5+ Kb7 69. Qd7+ Ka6 70. Qb5+ Kb7 71. Qd7+ Ka6 72. Qb5+ Kb7 73. Qd7+
Ka6 74. Qb5+ Kb7 75. Qd7+ Ka6 76. Qb5+ Kb7 77. Qd7+ Ka6 78. Qb5+
{Game drawn by repetition}
1/2-1/2

[Event "ICC tourney 2056 (3 2)"]
[Site "Internet Chess Club"]
[Date "2020.10.12"]
[Round "3"]
[White "wildrumpus"]
[Black "MagnumPI"]
[Result "1-0"]
[ICCResult "Black resigns"]
[WhiteElo "1341"]
[BlackElo "1262"]
[Opening "Queen's pawn game"]
[ECO "A45"]
[NIC "QP.07"]
[Time "19:31:06"]
[TimeControl "180+2"]

1. d4 Nf6 2. e3 g6 3. Nf3 Bg7 4. Be2 O-O 5. O-O d6 6. b3 Nbd7 7. Bb2 Re8 8.
c4 b6 9. Nc3 Bb7 10. Qd2 c5 11. d5 e5 12. dxe6 Rxe6 13. Ng5 Re5 14. f4 Re8
15. Bf3 Bxf3 16. Rxf3 h6 17. Nh3 Nf8 18. Nb5 d5 19. Rd1 dxc4 20. Qc1 Qe7 21.
Qxc4 a6 22. Nd6 Red8 23. Be5 N8d7 24. Rg3 b5 25. Qd3 Nxe5 26. fxe5 Ne8 27.
Qd5 Nxd6 28. exd6 Qe6 29. Qxe6 fxe6 30. Rxg6 Kh7 31. Rxe6 c4 32. bxc4 bxc4
33. d7 c3 34. Rc6 Rab8 35. Nf4 Rb2 36. Ne6 c2 37. Rc1 Rb1 38. Rxc2 Rxc1+ 39.
Rxc1 Rxd7 40. Nxg7 Kxg7 41. Re1 Rd6 42. e4 Kf6 43. Kf2 Ke5 44. Kf3 Rd2 45.
Re2 Rxe2 46. Kxe2 Kxe4 47. Kf2 Kf4 48. g3+ Kg4 49. Kg2 h5 50. h3+ Kg5 51.
Kf3 h4 52. g4 a5 53. a4 Kg6 54. Kf4 Kf6 55. g5+ Kg6 56. Kg4 Kf7 57. Kxh4 Kg6
58. Kg4 Kg7 59. h4 Kg6 60. h5+ Kg7 61. Kf5 Kf7 62. g6+ Kg7 63. Kg5 Kg8 64.
h6 {Black resigns} 1-0

[Event "ICC tourney 2056 (3 2)"]
[Site "Internet Chess Club"]
[Date "2020.10.12"]
[Round "3"]
[White "lucachesschess"]
[Black "saikanth"]
[Result "1-0"]
[ICCResult "Black forfeits on time"]
[WhiteElo "1495"]
[BlackElo "1413"]
[Opening "Caro-Kann: Panov-Botvinnik attack"]
[ECO "B13"]
[NIC "CK.03"]
[Time "19:31:09"]
[TimeControl "180+2"]

1. e4 c6 2. d4 d5 3. exd5 cxd5 4. c4 Nf6 5. Nc3 Nc6 6. Nf3 e6 7. cxd5 exd5
8. Bf4 Be7 9. Bd3 O-O 10. O-O a6 11. Rc1 Bg4 12. h3 Bh5 13. Bb1 Bd6 14. Bg5
Be7 15. Qd3 Bg6 16. Qe3 Re8 17. Bxg6 hxg6 18. Ne5 Nxe5 19. dxe5 d4 20. Qf3
dxc3 21. exf6 gxf6 22. Be3 cxb2 23. Rb1 Ba3 24. Rfd1 Qe7 25. Bd4 Kg7 26.
Bxb2 Bxb2 27. Rxb2 b5 28. Rbd2 Rad8 29. Rxd8 Rxd8 30. Rxd8 Qxd8 31. Qb7 Qd1+
32. Kh2 Qd6+ 33. Kg1 Qa3 34. Qd5 b4 35. Qb3 a5 36. Qxa3 bxa3 37. Kf1 f5 38.
Ke2 Kf6 39. Kd3 Ke5 40. Kc3 Ke4 41. Kb3 g5 42. Kxa3 {Black forfeits on time}
1-0

[Event "ICC tourney 2056 (3 2)"]
[Site "Internet Chess Club"]
[Date "2020.10.12"]
[Round "3"]
[White "garfield92037"]
[Black "Vidipkona"]
[Result "0-1"]
[ICCResult "White checkmated"]
[WhiteElo "1300"]
[BlackElo "1590"]
[Opening "Sicilian: Canal-Sokolsky attack, 3...Bd7"]
[ECO "B52"]
[NIC "SI.01"]
[Time "19:31:11"]
[TimeControl "180+2"]

1. e4 c5 2. Nf3 d6 3. Bb5+ Bd7 4. Bxd7+ Nxd7 5. d4 cxd4 6. Qxd4 Ngf6 7. Nc3
e6 8. Bg5 Be7 9. O-O O-O 10. Rad1 Qb6 11. Qxb6 Nxb6 12. Nd4 a6 13. Rfe1 Rac8
14. Be3 Nc4 15. Bc1 b5 16. b3 Nb6 17. Bb2 Nfd7 18. Re2 Ne5 19. a3 Nc6 20.
Nxc6 Rxc6 21. Red2 Rfc8 22. Rd3 Nd7 23. f4 Nc5 24. Re3 Nb7 25. Kf1 Nc5 26.
Rg3 f6 27. Re3 Kf7 28. f5 Nd7 29. fxe6+ Kxe6 30. Re2 Ne5 31. Rdd2 Rxc3 32.
Bxc3 Rxc3 33. Rd1 Ng4 34. Rd3 Rxd3 35. cxd3 Ne5 36. d4 Nd7 37. Ke1 Nb6 38.
Kd2 Kd7 39. d5 Kc7 40. Kd3 Nd7 41. Kd4 Kb7 42. Rc2 Ne5 43. h3 Bd8 44. Kc3
Bb6 45. Kb2 Bd4+ 46. Kc1 Bc5 47. Kb2 Nd7 48. b4 Bd4+ 49. Kb1 Bb6 50. Rc6 Bc7
51. Kc1 Ne5 52. Rc3 Nc4 53. Kd1 Bb6 54. Ke2 Bd4 55. Rd3 Be5 56. Kf3 Bb2 57.
Ke2 Bxa3 58. Rb3 Bb2 59. Kd3 Be5 60. h4 Kb6 61. Rb1 Nb2+ 62. Kc2 Nc4 63. Kd3
h6 64. h5 Bf4 65. Rf1 Bg5 66. Rb1 Ne5+ 67. Ke2 a5 68. bxa5+ Kxa5 69. Ra1+
Kb6 70. Rb1 Kc5 71. Kd1 b4 72. Kc2 Nc4 73. Kd3 Na3 74. Rb3 Kb5 75. g3 Ka4
76. Rb2 b3 77. Kc3 Nb5+ 78. Kc4 Na3+ 79. Kc3 Be3 80. Kd3 Bc1 81. e5 fxe5 82.
Rf2 b2 83. Rf8 b1=Q+ 84. Ke2 Qe4+ 85. Kf1 Qh1+ 86. Ke2 Qxh5+ 87. Kd3 Qd1+
88. Ke4 Qe2+ 89. Kf5 Qf3+ 90. Ke6 Qxf8 91. g4 Kb5 92. g5 hxg5 93. Kd7 Nc4
94. Ke6 Qf6+ 95. Kd7 Qf7+ 96. Kc8 Kb6 97. Kb8 Qb7# {White checkmated} 0-1

[Event "ICC tourney 2056 (3 2)"]
[Site "Internet Chess Club"]
[Date "2020.10.12"]
[Round "4"]
[White "kushagra12"]
[Black "drabmolc"]
[Result "1-0"]
[ICCResult "Black resigns"]
[WhiteElo "1376"]
[BlackElo "1449"]
[Opening "Sicilian: Pin variation (Sicilian counter-attack)"]
[ECO "B41"]
[NIC "SI.41"]
[Time "19:45:43"]
[TimeControl "180+2"]

1. e4 c5 2. Nf3 e6 3. d4 cxd4 4. Nxd4 Nf6 5. Nc3 Bb4 6. Bd3 Bxc3+ 7. bxc3
O-O 8. O-O a6 9. Bg5 h6 10. Bxf6 Qxf6 11. Re1 Nc6 12. Nxc6 dxc6 13. e5 Qe7
14. Qe2 f5 15. exf6 Qxf6 16. Bc4 Re8 17. Qh5 Bd7 18. Rad1 Rad8 19. Rxd7 Rxd7
20. Qxe8+ {Black resigns} 1-0

[Event "ICC tourney 2056 (3 2)"]
[Site "Internet Chess Club"]
[Date "2020.10.12"]
[Round "4"]
[White "ekanshmehrotra"]
[Black "yogokings12"]
[Result "1-0"]
[ICCResult "Black resigns"]
[WhiteElo "1517"]
[BlackElo "1557"]
[Opening "Sicilian: dragon, Yugoslav attack, Rauser variation"]
[ECO "B76"]
[NIC "SI.17"]
[Time "19:45:52"]
[TimeControl "180+2"]

1. e4 c5 2. Nf3 d6 3. Nc3 Nf6 4. d4 cxd4 5. Nxd4 g6 6. Be3 Bg7 7. f3 O-O 8.
Qd2 Nc6 9. O-O-O d5 10. Kb1 Nxd4 11. e5 Nf5 12. exf6 Bxf6 13. Nxd5 Qxd5 14.
Qxd5 Nxe3 15. Qd3 Nxd1 16. Qxd1 Be6 17. Bb5 Rfd8 18. Qe2 Rd6 19. Rd1 Rb6 20.
b3 a5 21. Bc4 Bf5 22. g4 Bc8 23. Rd8+ Kg7 24. Qe3 Rb4 25. g5 {Black resigns}
1-0

[Event "ICC tourney 2056 (3 2)"]
[Site "Internet Chess Club"]
[Date "2020.10.12"]
[Round "4"]
[White "KingPidgenYT"]
[Black "saisiva765"]
[Result "0-1"]
[ICCResult "White checkmated"]
[WhiteElo "1397"]
[BlackElo "1693"]
[Opening "Bird's opening"]
[ECO "A03"]
[NIC "VO.07"]
[Time "19:46:33"]
[TimeControl "180+2"]

1. f4 d5 2. Nf3 Nf6 3. e3 Bf5 4. Bb5+ c6 5. Be2 Nbd7 6. b3 e6 7. Bb2 Be7 8.
O-O O-O 9. d3 Qb6 10. Bd4 Bc5 11. Nbd2 Ng4 12. Ne5 Ndxe5 13. Bxe5 Nxe3 14.
Qe1 Nxc2+ 15. Kh1 Nxe1 16. Rfxe1 Bd4 17. Bxd4 Qxd4 18. g3 Bxd3 19. Nf3 Be4
20. Rad1 Qf2 21. h3 Bxf3+ 22. Bxf3 Qxf3+ 23. Kh2 Qf2+ 24. Kh1 Qxg3 25. Rg1
Qxh3# {White checkmated} 0-1